 Dungeon Crawl Stone Soup version 0.18.1-48-g4cf74bf (webtiles) character file.

6855 Inkary the Fighter (level 10, -2/94 HPs)
             Began as a Minotaur Fighter on Aug 17, 2016.
             Was a Believer of the Shining One.
             Slain by a chaos spawn (4 damage)
             ... on level 2 of the Abyss on Aug 24, 2016.
             The game lasted 00:42:48 (7649 turns).

Inkary the Fighter (Minotaur Fighter)               Turns: 7649, Time: 00:42:50

Health: -2/94      AC: 20    Str: 16      XL:     10   Next: 78%
Magic:  15/15      EV:  7    Int:  0 (1)  God:    the Shining One [**....]
Gold:   372        SH:  0    Dex: 15      Spells: 0 memorised, 9 levels left

rFire  + . .     SeeInvis .     a - +0 flail
rCold  + . .     Gourm    .     H - +8 chain mail of the Gate {rPois rF+ Str-5 Dex+6}
rNeg   + . .     Faith    .     q - +2 buckler
rPois  +         Spirit   .     (helmet restricted)
rElec  +         Dismiss  .     (no cloak)
rCorr  .         Reflect  .     n - -2 pair of gloves of the Garden {rElec Regen+ MP+9} (curse)
SustAt .         Harm     .     (no boots)
MR     +....     Rnd*Rage +     (no amulet)
Stlth  ..........               (no ring)
                                k - +3 ring of protection

@: confused, slowed, lost intelligence, glowing, drained, very slow, somewhat
resistant to hostile enchantments, extremely unstealthy
A: retaliatory headbutt, horns 2, yellow scales 1, berserk 3, blurry vision 2,
clumsy 2, cold resistance 1, deformed body, deterioration 2, dopey 2, low mp 3,
magic resistance 1, MP-powered wands
a: Divine Shield, Renounce Religion


You were on level 2 of the Abyss.
You worshipped the Shining One.
The Shining One was pleased with you.
You were very hungry.

You visited 2 branches of the dungeon, and saw 11 of its levels.
You visited the Abyss 1 time.

You collected 695 gold pieces.
You spent 323 gold pieces at shops.

Inventory:

Hand Weapons
 a - a +0 flail (weapon)
Missiles
 z - 7 silver javelins (quivered)
Armour
 n - the cursed -2 pair of gloves of the Garden (worn) {rElec Regen+ MP+9}
   (You found it on level 10 of the Dungeon)

   It insulates you from electricity.
   It affects your magic capacity (+9).
   It increases your rate of regeneration.
   It has a curse placed upon it.
 q - a +2 buckler (worn)
 H - the +8 chain mail of the Gate (worn) {rPois rF+ Str-5 Dex+6}
   (You bought it in a shop on level 9 of the Dungeon)

   It affects your strength (-5).
   It affects your dexterity (+6).
   It protects you from fire.
   It protects you from poison.
Jewellery
 k - a +3 ring of protection (left hand)
Wands
 b - a wand of lightning (8/15)
Scrolls
 g - 5 scrolls of teleportation
 h - 2 scrolls of blinking
 i - 2 scrolls of recharging {unknown}
 l - 2 scrolls of enchant weapon {unknown}
 m - 4 scrolls of immolation {unknown}
 y - 2 scrolls of magic mapping {unknown}
 A - a scroll of noise {unknown}
 F - a scroll of fog {unknown}
Potions
 d - 2 potions of might
 e - 2 potions of resistance {unknown}
 o - 2 potions of agility
 s - 3 potions of heal wounds
 u - 2 potions of curing
 v - a potion of lignification {unknown}
 w - 2 potions of cure mutation
 C - a potion of cancellation
 E - 2 potions of magic
Books
 r - a book of the Sky

   Spells                             Type                      Level
   a - Summon Lightning Spire         Summoning/Air                4
   b - Airstrike                      Air                          4
   c - Silence                        Hexes/Air                    5
   d - Deflect Missiles               Charms/Air                   6
   e - Conjure Ball Lightning         Conjuration/Air              6
   f - Tornado                        Air                          9
 B - an Akashic Record

   Spells                             Type                      Level
   a - Dispersal                      Translocation                6
   b - Malign Gateway                 Summoning/Translocation      7
   c - Disjunction                    Translocation                8
   d - Controlled Blink               Translocation                8
 G - a book of Air

   Spells                             Type                      Level
   a - Shock                          Conjuration/Air              1
   b - Swiftness                      Charms/Air                   2
   c - Repel Missiles                 Charms/Air                   2
   d - Static Discharge               Conjuration/Air              3
   e - Lightning Bolt                 Conjuration/Air              5
 I - a book of Party Tricks

   Spells                             Type                      Level
   a - Summon Butterflies             Summoning                    1
   b - Apportation                    Translocation                1
   c - Tukima's Dance                 Hexes                        3
   d - Alistair's Intoxication        Transmutation/Poison         5
   e - Invisibility                   Hexes                        6
Miscellaneous
 c - a plain deck of war
Comestibles
 f - 4 bread rations
 j - 5 meat rations
 p - 2 slices of pizza
 t - 12 fruits
 x - a beef jerky


   Skills:
 + Level 10.8(10.6) Fighting
 + Level 10.8(10.7) Maces & Flails
 + Level 10.7(10.6) Armour
 - Level 1.0(0.9) Stealth
 - Level 9.1(9.0) Shields


You had 9 spell levels left.
You didn't know any spells.

Dungeon Overview and Level Annotations

Branches:
Dungeon (10/15)            Temple (1/1) D:4            Lair (0/8) D:8
    Orc: D:9-12

Altars:
Ashenzari
Cheibriados
Dithmenos
Elyvilon
Fedhas
Gozag
Kikubaaqudgha
Makhleb
Nemelex Xobeh
Okawaru
Pakellas
Qazlal
Ru
Sif Muna
Trog
Vehumet
Xom
Yredelemnul
Zin
The Shining One

Shops:
D:9 [

Annotations:
D:10 Sonja


Innate Abilities, Weirdness & Mutations

You reflexively headbutt those who attack you in melee.
You have a pair of horns on your head.
You are partially covered in yellow scales (AC +2).
Your flesh is cold resistant.
You are resistant to hostile enchantments.
[You have an uncontrollable temper.]
[Scrolls take you longer to read.]
[You are very clumsy. (Dex -4)]
[Armour fits poorly on your strangely shaped body.]
[Your body often deteriorates upon taking damage.]
[You are very dopey. (Int -4)]
[Your magical capacity is extremely low (-30% MP).]
[You expend magic power (3 MP) to strengthen your wands.]


Message History

The smoke demon twists and deforms.
The blink frog twists and deforms.
The golden eye twists and deforms. x2
The golden eye blinks at you.
You easily resist.
A worldbinder comes into view.
Unknown command.
Unknown command.
The blink frog disappears in a puff of smoke!
The yak disappears in a puff of smoke!
The golden eye blinks at you. You resist with almost no effort.
The worldbinder hits you but does no damage.
The worldbinder closely misses you. The blink frog closely misses you.
The smoke demon hits you but does no damage. x2
The smoke demon closely misses you. The golden eye blinks at you.
You easily resist.
The chaos spawn hits you.
* * * LOW HITPOINT WARNING * * *
You are engulfed in flames.
You resist.
You die...

##.#.≈≈5 # 5...#.
# ...≈. .Y3.. ...
.#≈xx35#.F... ..
##≈≈§ ##. . ##.
#≈≈##### #####
#≈5*...# ....
.##≈≈..§3##5....
....≈≈..xx5.5....
G. ..G≈.G3@33.....
.....≈≈..3FG......
. ....≈≈..........
#.....≈≈..........
##.....≈≈.........
..##..≈≈..##.....
#..≈≈..# .....
...≈≈... .....


You could see a wretched star, 2 worldbinders, a smoke demon, a blink frog, a
ynoxinul, 3 chaos spawn, a small abomination, 3 golden eyes and 4 ufetubi.

Vanquished Creatures
  A troll (D:10)
  A two-headed ogre (D:8)
  Sigmund (D:5)
  A wyvern (D:8)
  6 yaks (D:10)
  A hippogriff (D:6)
  Menkaure (D:5)
  3 sky beasts
  2 ice beasts (D:9)
  A wasp (D:10)
  4 orc warriors
  A necrophage (D:8)
  3 phantoms
  7 centaurs
  3 ogres
  A crocodile (D:9)
  6 giant frogs
  Blork the orc (D:5)
  A wyvern skeleton (D:7)
  2 scorpions
  6 killer bees (D:9)
  8 wights
  A giant frog zombie (D:5)
  4 crimson imps
  4 hounds
  4 jellies
  2 orc priests (D:8)
  3 centaur skeletons
  5 iguanas
  12 orc wizards
  11 worker ants
  3 hound zombies
  A hound skeleton (D:4)
  Robin (D:3)
  4 gnolls (D:7)
  12 adders
  2 shadow imps
  A white imp (Abyss:2)
  3 worms
  2 dart slugs
  5 giant geckos
  46 orcs
  A ball python (D:1)
  5 bats
  5 giant cockroaches
  17 goblins
  12 hobgoblins
  3 jackals (D:9)
  9 kobolds
  9 quokkas
  2 giant gecko zombies
  11 giant newts
  2 quokka skeletons
  6 rats
269 creatures vanquished.

Vanquished Creatures (others)
  An orc wizard (D:4)
1 creature vanquished.

Grand Total: 270 creatures vanquished

Notes
Turn   | Place    | Note
--------------------------------------------------------------
     0 | D:1      | Inkary the Minotaur Fighter began the quest for the Orb.
     0 | D:1      | Reached XP level 1. HP: 19/19 MP: 0/0
   134 | D:1      | Reached XP level 2. HP: 27/27 MP: 1/1
   754 | D:2      | Reached XP level 3. HP: 33/33 MP: 2/2
  1136 | D:2      | Reached XP level 4. HP: 40/40 MP: 3/3
  1480 | D:3      | Reached skill level 5 in Shields
  1481 | D:3      | Noticed Robin
  1489 | D:3      | Reached XP level 5. HP: 44/46 MP: 4/4
  1491 | D:3      | Killed Robin
  1613 | D:3      | Reached skill level 5 in Armour
  1651 | D:3      | Found a faded altar to an unknown god.
  2103 | D:4      | Noticed a phantom
  2133 | D:4      | Killed a phantom
  2133 | D:4      | Reached skill level 5 in Fighting
  2133 | D:4      | Reached XP level 6. HP: 49/56 MP: 5/5
  2215 | D:4      | Reached skill level 5 in Maces & Flails
  2486 | D:4      | Found a staircase to the Ecumenical Temple.
  2495 | Temple   | Entered the Ecumenical Temple
  2717 | D:4      | Reached XP level 7. HP: 19/62 MP: 6/6
  2720 | D:4      | Gained mutation: You are resistant to hostile enchantments. [potion of beneficial mutation]
  3416 | D:5      | Entered Level 5 of the Dungeon
  3425 | D:5      | Noticed Blork the orc
  3442 | D:5      | Killed Blork the orc
  3456 | D:5      | Reached skill level 1 in Stealth
  3518 | D:5      | Reached XP level 8. HP: 66/71 MP: 7/7
  3621 | D:5      | Noticed Sigmund
  3628 | D:5      | Killed Sigmund
  3941 | D:5      | Noticed Menkaure
  3946 | D:5      | Killed Menkaure
  4130 | D:6      | Gained mutation: Your flesh is cold resistant. [potion of mutation]
  4130 | D:6      | Gained mutation: You are partially covered in yellow scales (AC +2). [potion of mutation]
  4212 | D:6      | Reached XP level 9. HP: 60/81 MP: 8/8
  5292 | D:8      | Found a staircase to the Lair.
  5705 | D:8      | Reached XP level 10. HP: 88/91 MP: 9/9
  6163 | D:9      | Found a sacrificial altar of Ru.
  6166 | D:9      | Found a deep blue altar of Sif Muna.
  6169 | D:9      | Found a glowing golden altar of the Shining One.
  6192 | D:9      | Found Igudedig's Antique Armour Shop.
  6224 | D:9      | Became a worshipper of the Shining One
  6263 | D:9      | Bought a dazzling chain mail for 323 gold pieces
  6273 | D:9      | Identified the +8 chain mail of the Gate {rPois rF+ Str-5 Dex+6} (You bought it in a shop on level 9 of the Dungeon)
  6479 | D:9      | Found a basalt altar of Yredelemnul.
  6512 | D:9      | Found an oddly glowing altar of Pakellas.
  6512 | D:9      | Found a glowing silver altar of Zin.
  6515 | D:9      | Found a shimmering altar of Xom.
  6516 | D:9      | Found a stormy altar of Qazlal.
  6976 | D:10     | Entered Level 10 of the Dungeon
  7000 | D:10     | Reached skill level 10 in Armour
  7009 | D:10     | Reached skill level 10 in Fighting
  7035 | D:10     | Noticed Sonja
  7044 | D:10     | Reached skill level 10 in Maces & Flails
  7061 | D:10     | Got a pair of encrusted gloves
  7072 | D:10     | Identified the cursed -2 pair of gloves of the Garden {rElec Regen+ MP+9} (You found it on level 10 of the Dungeon)
  7110 | D:10     | Reached * piety under the Shining One
  7371 | D:10     | Cast into level 1 of the Abyss (Sonja)
  7432 | Abyss:1  | Noticed a spatial maelstrom
  7452 | Abyss:2  | Found a corrupted altar of Lugonu.
  7519 | Abyss:2  | Noticed a brown very ugly thing
  7519 | Abyss:2  | Noticed a smoke demon
  7532 | Abyss:2  | Noticed a large abomination
  7563 | Abyss:2  | Noticed a thrashing horror
  7572 | Abyss:2  | Reached ** piety under the Shining One
  7573 | Abyss:2  | Noticed a wretched star
  7581 | Abyss:2  | Noticed a worldbinder
  7582 | Abyss:2  | Noticed a spiny frog
  7583 | Abyss:2  | Noticed an elephant
  7604 | Abyss:2  | Noticed an elephant
  7607 | Abyss:2  | Noticed a spiny frog
  7622 | Abyss:2  | Noticed an elephant
  7624 | Abyss:2  | Noticed an elephant
  7632 | Abyss:2  | Noticed a spiny frog
  7635 | Abyss:2  | Noticed an elephant
  7639 | Abyss:2  | Noticed an elephant
  7640 | Abyss:2  | Noticed a smoke demon
  7641 | Abyss:2  | Lost intelligence.
  7642 | Abyss:2  | Noticed an elephant
  7647 | Abyss:2  | HP: 3/94 [small abomination (5)]
  7647 | Abyss:2  | The Shining One protects you from harm!
  7648 | Abyss:2  | The Shining One protects you from harm!
  7649 | Abyss:2  | Noticed a worldbinder
  7649 | Abyss:2  | Slain by a chaos spawn

Skill      XL: |  1  2  3  4  5  6  7  8  9 10 |
---------------+-------------------------------+-----
Armour         | 4 5 6 8 9 10 | 10.7
Shields        | 4 5 6 8 9 |  9.1
Fighting       | 4 5 6 7 9 10 | 10.8
Maces & Flails | 3 4 5 7 8 9 10 | 10.8
Stealth        | 1 |  1.0

Action                   |  1- 3 |  4- 6 |  7- 9 | 10-12 || total
-------------------------+-------+-------+-------+-------++-------
Melee: Flail             |   112 |   165 |   409 |   246 ||   932
       Headbutt          |    13 |    26 |    82 |    68 ||   189
  Use: Potion            |       |       |     4 |       ||     4
       Scroll            |       |       |     6 |     4 ||    10
  Eat: Chunk             |     1 |     5 |    10 |     6 ||    22
Armor: Scale mail        |    49 |    75 |   138 |    19 ||   281
       Chain mail        |       |       |       |   194 ||   194
Dodge: Dodged            |    31 |    73 |   109 |   115 ||   328
Block: Shield            |    31 |       |       |       ||    31
       Buckler           |     3 |    59 |   152 |   135 ||   349
